 Dungeon Crawl Stone Soup version 0.28.0 (webtiles) character file.

Game seed: 17525667562890915244

28 Morbidden the Conjurer (level 3, 15/24 HPs)
             Began as a Demonspawn Conjurer on Feb 16, 2022.
             Quit the game on level 2 of the Dungeon.
             The game lasted 00:01:17 (1376 turns).

Morbidden the Conjurer (Demonspawn Conjurer)        Turns: 1376, Time: 00:01:17

Health: 15/24      AC:  4    Str:  7    XL:     3   Next: 0%
Magic:  0/6        EV: 12    Int: 21    God:
Gold:   66         SH:  0    Dex: 17    Spells: 3/6 levels left

rFire   . . .      SeeInvis .   h - +0 dagger
rCold   . . .      Faith    .   (no shield)
rNeg    . . .      Spirit   .   a - +0 robe
rPois   .          Reflect  .   (no helmet)
rElec   .          Harm     .   (no cloak)
rCorr   .          Rampage  .   (no gloves)
Will    .....                   (no boots)
Stlth   ++........              (no amulet)
HPRegen 0.08/turn               f - +6 ring of dexterity
MPRegen 0.10/turn               (no ring)

@: flying
A: hooves 1, slimy green scales 1
a: no special abilities


You were on level 2 of the Dungeon.
You visited 1 branch of the dungeon, and saw 2 of its levels.

You collected 66 gold pieces.

Inventory:

Hand Weapons
 h - a +0 dagger (weapon)
Missiles
 e - a throwing net
Armour
 a - a +0 robe (worn)
Jewellery
 f - a +6 ring of dexterity (left hand)
Scrolls
 b - a scroll of immolation {unknown}


   Skills:
 + Level 0.2 Fighting
 + Level 2.0 Dodging
 + Level 1.8 Stealth
 + Level 2.1 Spellcasting
 + Level 4.7 Conjurations


You had 3 spell levels left.
You knew the following spells:

 Your Spells              Type           Power      Damage    Failure   Level
a - Magic Dart            Conj           88%        1d7       1%          1
b - Searing Ray           Conj           44%        2d6       3%          2

Your spell library contained the following spells:

 Spells                   Type           Power      Damage    Failure   Level
 Dazzling Flash           Conj/Hex       24%        N/A       17%         3
 Fulminant Prism          Conj/Hex       6%         3d7       50%         4
 Iskenderun's Mystic Bla  Conj/Tloc      12%        2d5       50%         4


Dungeon Overview and Level Annotations

Branches:
Dungeon (2/15)

Altars:


Innate Abilities, Weirdness & Mutations

You have large cloven feet.
You are partially covered in slimy green scales. (AC +2)


Message History

Okay, then.
h - a +0 dagger (weapon)
You completely miss the worm.
The worm is heavily wounded.
The worm barely misses you.
You hit the worm. You punch the worm, but do no damage.
The worm is heavily wounded.
The worm bites you but does no damage.
You barely miss the worm. You kick the worm.
The worm is severely wounded.
You hit the worm but do no damage.
The worm is severely wounded.
The worm bites you but does no damage.
You hit the worm. You kick the worm.
The worm is severely wounded.
You hit the worm.
The worm is almost dead.
The worm bites you!
You hit the worm but do no damage.
The worm is severely wounded.
The worm closely misses you.
Casting: Magic Dart (safe; 2% risk of failure)
Confirm with . or Enter, or press ? or * to list all spells.
Aiming: Magic Dart (safe; 2% risk of failure)
Press: ? - help, Shift-Dir - straight line, f/p - worm
Aim: a worm (severely wounded, 100% to hit)
The magic dart hits the worm.
The worm is almost dead.
Unknown command.
Unknown command.
You hit the worm. You kick the worm.
You kill the worm!
You have reached level 3!
Your experience leads to an increase in your attributes!
Your base attributes are Str 7, Int 19, Dex 11.
Increase (S)trength, (I)ntelligence, or (D)exterity?
You feel clever. x2; Your demonic ancestry asserts itself...
Slimy green scales grow over part of your body.
Unknown command.
Are you sure you want to abandon this character and quit the game? (Confirm with "yes".)

#.................
#.................
#.......†.........
#.......†.........
#.............#+##
#.............:.#
#...............#
#.####..........#
#@..##########....
#.#.# ..#.
..........# #
##.###.#..# .. ..#
.## ..# .. .## .#
.# .. .#


There were no monsters in sight!

Vanquished Creatures
  A worm (D:2)
  3 ball pythons (D:1)
  A bat (D:1)
  2 endoplasms
  2 giant cockroaches (D:1)
  2 goblins
  4 hobgoblins
  A quokka (D:1)
  2 kobolds (D:1)
  4 rats
22 creatures vanquished.

Notes
Turn   | Place    | Note
-------+----------+-------------------------------------------
     0 | D:1      | Morbidden the Demonspawn Conjurer began the quest for the
                  | Orb.
     0 | D:1      | Reached XP level 1. HP: 13/13 MP: 3/3
   324 | D:1      | Gained mutation: You have large cloven feet. [demonic
                  | ancestry]
   324 | D:1      | Reached XP level 2. HP: 4/19 MP: 0/5
   694 | D:1      | Learned a level 2 spell: Searing Ray
  1376 | D:2      | Gained mutation: You are partially covered in slimy green
                  | scales. (AC +2) [demonic ancestry]
  1376 | D:2      | Reached XP level 3. HP: 15/24 MP: 0/6
  1376 | D:2      | Quit the game

Illustrated notes

Levels and vault maps discovered:
D:1:      minmay_arrival_wavy_path, layout_basic, solitary_fountain
D:2:      layout_basic, minmay_misc_feat_roman, roderic_serpentine_path

Skill      XL: |  1  2 |
---------------+-------+-----
Dodging        | 2 |  2.0
Fighting       | |  0.2
Stealth        | |  1.8
Spellcasting   | |  2.1
Conjurations   | |  4.7

Action                   || total
-------------------------++-------
Melee: Unarmed           ||    20
       Dagger            ||     8
       Kick              ||     7
       Punch             ||     2
 Cast: Magic Dart        ||    48
  Use: Potion            ||     3
Armor: Robe              ||     2
Dodge: Dodged            ||    14
